 Dungeon Crawl Stone Soup version 0.30.1-11-g7821555f0a (webtiles) character file.

Game seed: 15835954102082496526

156 fireball365 the Chopper (level 5, -3/47 HPs)
             Began as a Hill Orc Fighter on Dec 14, 2023.
             Slain by a water moccasin (8 damage)
             ... on level 6 of the Dungeon.
             The game lasted 00:03:11 (1457 turns).

fireball365 the Chopper (Hill Orc Fighter)          Turns: 1457, Time: 00:03:12

Health: -3/47      AC:  8    Str: 21    XL:     5   Next: 38%
Magic:  5/5        EV:  9    Int:  8    God:
Gold:   107        SH:  4    Dex: 10    Spells: 4/4 levels left

rFire   . . .        n - +1 war axe (flame)
rCold   . . .        c - +0 buckler
rNeg    . . .        b - +0 scale mail
rPois   .            (no helmet)
rElec   .            (no cloak)
rCorr   .            (no gloves)
SInv    .            k - +0 pair of boots
Will    .....        (no amulet) Stlth
                     (no ring)
HPRegen 0.27/turn    (no ring)
MPRegen 0.09/turn

%: no passive effects
@: no status effects
A: no striking features
a: no special abilities


You were on level 6 of the Dungeon.
You visited 1 branch of the dungeon, and saw 4 of its levels.

You collected 107 gold pieces.

Inventory:

Hand Weapons
 a - a +0 war axe
 n - a +1 war axe of flaming (weapon)
Armour
 b - a +0 scale mail (worn)
 c - a +0 buckler (worn)
 k - a +0 pair of boots (worn)
Scrolls
 f - 2 scrolls of identify {unknown}
 g - 5 scrolls of magic mapping {unknown}
 h - a scroll of amnesia {unknown}
 i - a scroll of poison {unknown}
 j - 3 scrolls of teleportation {unknown}
 l - a scroll of enchant armour {unknown}
 m - a scroll of immolation {unknown}
Potions
 d - a potion of might
 e - a potion of curing
 o - a potion of flight {unknown}
 p - a potion of degeneration {unknown}


   Skills:
 + Level 4.4 Fighting
 + Level 4.7 Axes
 + Level 4.5 Armour
 + Level 0.5 Dodging
 + Level 3.8 Shields


You had 4 spell levels left.
You didn't know any spells.
Your spell library contained the following spells:

 Spells                   Type           Power      Damage    Failure   Level
 Inner Flame              Hex/Fire       0%         N/A       99%         3
 Yara's Violent Unravell  Hex/Tmut       0%         3d3       100%        5
 Enfeeble                 Hex            0%         N/A       100%        7


Dungeon Overview and Level Annotations

Branches:
Dungeon (3/15)

Altars:
Nemelex Xobeh

Shops:
D:1 :   D:3 [


Message History

The water moccasin is severely wounded.
* * * LOW HITPOINT WARNING * * *
You feel extremely sick. The water moccasin bites you.
* * * LOW HITPOINT WARNING * * *
The water moccasin bites you but does no damage.
It was a potion of curing.
You feel better. The water moccasin closely misses you.
You hit the water moccasin but do no damage.
The water moccasin is severely wounded.
You block the water moccasin's attack. The water moccasin closely misses you.
You miss the water moccasin.
The water moccasin is severely wounded.
The water moccasin bites you but does no damage.
The water moccasin bites you.
You hit the water moccasin but do no damage.
The water moccasin is severely wounded.
The water moccasin bites you.
* * * LOW HITPOINT WARNING * * *
The water moccasin bites you but does no damage.
You closely miss the water moccasin.
The water moccasin is severely wounded.
You block the water moccasin's attack.
The water moccasin bites you but does no damage.
You barely miss the water moccasin.
The water moccasin is severely wounded.
The water moccasin bites you.
* * * LOW HITPOINT WARNING * * *
You hit the water moccasin. You burn the water moccasin.
The water moccasin is almost dead.
The water moccasin barely misses you. The water moccasin closely misses you.
You barely miss the water moccasin.
The water moccasin is almost dead.
The water moccasin closely misses you. The water moccasin bites you!
* * * LOW HITPOINT WARNING * * *
You hit the water moccasin but do no damage.
The water moccasin is almost dead.
The water moccasin bites you but does no damage.
The water moccasin bites you!
You die...

. ## ##. .. #.. #.
#.# #.########.#
###.......##.# #
#.....###.##.###..#
#.#.#.##....@....<#
# #.......##S....##
###.###.##..####
...# #.##..# #####
#.##..# #.##..#
..##..# ####..#


You could see a water moccasin.

Vanquished Creatures
  An ogre (D:3)
  3 adders
  A worm (D:2)
  3 dart slugs
  An orc (D:3)
  3 ball pythons
  5 endoplasms (D:1)
  A giant cockroach (D:1)
  A goblin (D:3)
  5 hobgoblins
  4 bats
  2 frilled lizards
  2 kobolds
  3 rats
35 creatures vanquished.

Notes
Turn   | Place    | Note
-------+----------+-------------------------------------------
     0 | D:1      | fireball365 the Hill Orc Fighter began the quest for the
                  | Orb.
     0 | D:1      | Reached XP level 1. HP: 19/19 MP: 1/1
    84 | D:1      | Reached XP level 2. HP: 16/27 MP: 2/2
   155 | D:1      | Found Pyucazapp's Book Shop.
   592 | D:2      | Reached XP level 3. HP: 24/33 MP: 3/3
   897 | D:2      | Found a sparkling altar of Nemelex Xobeh.
  1138 | D:3      | Reached XP level 4. HP: 39/40 MP: 4/4
  1207 | D:3      | Noticed an ogre
  1213 | D:3      | Killed an ogre
  1214 | D:3      | Reached XP level 5. HP: 15/47 MP: 5/5
  1339 | D:3      | Found Zotrab's Antique Armour Boutique.
  1430 | D:3      | You fall into a shaft and drop 3 floors!
  1440 | D:6      | Noticed a water moccasin
  1457 | D:6      | Slain by a water moccasin

Illustrated notes

Levels and vault maps discovered:
D:1:      matt_arrival_spirals, layout_rooms, serial_shops,
          nicolae_book_shop_shelving, st_stairs_6
D:2:      layout_rooms, basic_altar
D:3:      layout_rooms, serial_shops, nicolae_shop_tiny_statue_garden,
          grunt_decor_fettered
D:6:      layout_loops_ring, minmay_temple_entry_glass

Skill      XL: |  1  2  3  4 |
---------------+-------------+-----
Fighting       | 4 |  4.4
Armour         | 4 |  4.5
Axes           | 3 4 |  4.7
Dodging        | |  0.5
Shields        | |  3.8

Action                     |  1- 3 |  4- 6 || total
---------------------------+-------+-------++-------
  Melee: War axe           |    62 |    28 ||    90
    Use: Potion            |       |     1 ||     1
 Armour: Scale mail        |    55 |    12 ||    67
  Dodge: Dodged            |    66 |    16 ||    82
  Block: Buckler           |    16 |     9 ||    25
